 Dungeon Crawl Stone Soup version 0.30-a0-329-g85436e0a43 (webtiles) character file.

Game seed: 15991750841234818290

1985 blackman the Carver (level 9, -21/63 HPs)
             Began as a Human Delver on Oct 28, 2022.
             Was an Initiate of Gozag.
             Demolished by an ogre
             ... wielding a +0 giant spiked club
              (31 damage)
             ... on level 6 of the Dungeon.
             The game lasted 00:14:56 (6752 turns).

blackman the Carver (Human Delver)                  Turns: 6752, Time: 00:14:56

Health: -21/63     AC:  8    Str: 12    XL:     9   Next: 44%
Magic:  9/9        EV: 12    Int: 11    God:    Gozag
Gold:   1316       SH:  0    Dex: 19    Spells: 8/8 levels left

rFire   . . .      SeeInvis .    c - +1 falchion (elec)
rCold   . . .      Faith    .    (no shield)
rNeg    + . .      Spirit   .    b - +0 leather armour
rPois   .          Reflect  .    (no helmet)
rElec   .          Harm     .    (no cloak)
rCorr   .          Rampage  .    (no gloves)
Will    .....                    w - +0 pair of boots
Stlth   +++.......               (no amulet)
HPRegen 0.30/turn                i - +4 ring of protection
MPRegen 0.11/turn                l - ring of positive energy

@: no status effects
A: no striking features
a: Renounce Religion, Potion Petition, Call Merchant, Bribe Branch


You were on level 6 of the Dungeon.
You worshipped Gozag.
Gozag was most pleased with you.
You visited 1 branch of the dungeon, and saw 6 of its levels.

You collected 1323 gold pieces.
You paid 7 gold pieces to Gozag.

Inventory:

Hand Weapons
 c - a +1 falchion of electrocution (weapon)
 p - the +1 dagger of World's End {holy, Int+4}
   (You found it on level 2 of the Dungeon)

   It has been blessed by the Shining One to cause great damage to the undead
   and demons.
   Int:       It affects your intelligence (+4).
 A - a +0 long sword
Missiles
 v - a boomerang
 y - 5 poisoned darts (quivered)
Armour
 b - a +0 leather armour (worn)
 w - a +0 pair of boots (worn)
 B - a +0 plate armour of cold resistance
Jewellery
 i - a +4 ring of protection (left hand)
 l - a ring of positive energy (right hand)
 q - a ring of flight
Wands
 g - a wand of digging (3)
 F - a wand of charming (13)
Scrolls
 d - a scroll of magic mapping
 e - a scroll of fear
 h - 2 scrolls of blinking
 m - a scroll of brand weapon
 o - 4 scrolls of teleportation
 D - a scroll of poison {unknown}
 E - a scroll of identify
Potions
 a - a potion of magic {unknown}
 f - 2 potions of haste
 j - a potion of attraction
 k - 3 potions of mutation
 n - 2 potions of brilliance
 r - 3 potions of curing
 s - 3 potions of flight {unknown}
 t - a potion of cancellation {unknown}
 u - a potion of invisibility {unknown}
 x - a potion of might {unknown}
 z - a potion of heal wounds {unknown}
 C - a potion of berserk rage {unknown}


   Skills:
 - Level 3.0 Fighting
 * Level 11.9 Long Blades
 - Level 2.0 Dodging
 - Level 5.0 Stealth


You had 8 spell levels left.
You didn't know any spells.
Your spell library contained the following spells:

 Spells                   Type           Power      Damage    Failure   Level
 Scorch                   Fire           0%         2d5       56%         2
 Flame Wave               Conj/Fire      0%         2d4       99%         4
 Freezing Cloud           Conj/Ice/Air   0%         6-21      100%        5
 Summon Cactus Giant      Summ           0%         N/A       100%        6
 Polar Vortex             Ice            0%         N/A       100%        9
 Simulacrum               Ice/Necr       Unusable   N/A       N/A         6

Dungeon Overview and Level Annotations

Branches:
Dungeon (6/15)             Temple (0/1) D:6

Altars:
Gozag
Hepliaklqana
Makhleb
Nemelex Xobeh
Qazlal
Trog
Vehumet

Shops:
D:4 (


Message History

Things that are here:
6 gold pieces; a +0 hand axe; a +0 leather armour The orc barely misses you.
Things that are here:
6 gold pieces; a +0 hand axe; a +0 leather armour You hit the orc.
The orc is almost dead.
The orc misses you.
You hit the orc.
You kill the orc!
You now have 1310 gold pieces (gained 39).
o - 4 scrolls of teleportation (gained 1)
Items here: )))) [[[.
Items here: )))) [[[.
You now have 1316 gold pieces (gained 6).
Things that are here:
a +0 hand axe; a +0 leather armour An ogre comes into view.
It is wielding a +0 giant spiked club.
An ogre is nearby!
An ogre is nearby!
An ogre is nearby!
The ogre shouts!
You hit the ogre.
The ogre is moderately wounded.
You slash the ogre!
The ogre is heavily wounded.
The ogre hits you with a +0 giant spiked club!!
You barely miss the ogre.
The ogre is heavily wounded.
You hit the ogre but do no damage. Your punch misses the ogre.
The ogre is heavily wounded.
The ogre hits you with a +0 giant spiked club!!
* * * LOW HITPOINT WARNING * * *
You slash the ogre!
The ogre is severely wounded.
As you read the scroll of fear, it crumbles to dust.
You assume a fearsome visage.
The ogre easily resists.
The ogre hits you with a +0 giant spiked club!!
You die...
Your body crumbles into a pile of gold.

#.# #.#
#########.# #.#
#(........# #.#
#.######### #.#
#.# # #.# #.#
####.##.# #.#
........########.#
#....)).O@..#.#
###########.#.#
#...# #####


You could see an ogre.

Vanquished Creatures
  Sigmund (D:2)
  A water moccasin (D:5)
  2 black bears
  4 ogres
  A centaur (D:5)
  A phantom (D:6)
  A kobold brigand (D:6)
  Blork the orc (D:4)
  3 scorpions
  A wight (D:4)
  A hound (D:6)
  2 orc priests (D:6)
  2 gnoll boudas
  Natasha (twice) (D:2)
  4 iguanas
  An orc wizard (D:5)
  10 adders
  15 gnolls
  3 worms (D:2)
  2 dart slugs
  16 orcs
  7 bats
  10 endoplasms
  2 giant cockroaches
  9 goblins
  8 hobgoblins
  6 jackals
  16 kobolds
  7 quokkas
  4 ball pythons (D:3)
  8 frilled lizards
  2 rats
153 creatures vanquished.

Vanquished Creatures (others)
  12 plants (D:3)
12 creatures vanquished.

Grand Total: 165 creatures vanquished

Notes
Turn   | Place    | Note
-------+----------+-------------------------------------------
     0 | D:5      | blackman the Human Delver began the quest for the Orb.
     0 | D:5      | Reached XP level 1. HP: 18/18 MP: 1/1
    54 | D:5      | Noticed a black bear
    70 | D:5      | Found an opulent altar of Gozag.
    70 | D:5      | Found a sparkling altar of Nemelex Xobeh.
    76 | D:5      | Became a worshipper of Gozag Ym Sagoz the Greedy
    83 | D:4      | Noticed a scorpion
    89 | D:4      | Found a bloodstained altar of Trog.
   150 | D:4      | Noticed an ogre
   244 | D:3      | Reached XP level 2. HP: 19/24 MP: 2/2
   265 | D:3      | Noticed a scorpion
   483 | D:1      | Reached skill level 3 in Long Blades
   713 | D:1      | Reached XP level 3. HP: 29/29 MP: 3/3
  1318 | D:2      | Identified the +1 dagger of World's End {holy, Int+4}
  1459 | D:2      | Noticed Sigmund
  1461 | D:2      | Found a faded altar of an unknown god.
  1471 | D:2      | Killed Sigmund
  1472 | D:2      | Reached skill level 5 in Long Blades
  1472 | D:2      | Reached XP level 4. HP: 25/35 MP: 4/4
  1472 | D:2      | Reached XP level 5. HP: 30/41 MP: 5/5
  1472 | D:2      | Reached XP level 6. HP: 34/47 MP: 6/6
  1591 | D:2      | Noticed Natasha
  1886 | D:2      | Killed Natasha
  1887 | D:2      | Reached skill level 6 in Long Blades
  2080 | D:2      | Noticed Natasha
  2098 | D:2      | Killed Natasha
  2378 | D:3      | Found a hazy altar of Hepliaklqana.
  2791 | D:3      | Reached skill level 7 in Long Blades
  2791 | D:3      | Reached XP level 7. HP: 33/52 MP: 7/7
  3579 | D:4      | Found a burning altar of Makhleb.
  3720 | D:4      | Found a radiant altar of Vehumet.
  3771 | D:4      | Noticed Blork the orc
  3786 | D:4      | Killed Blork the orc
  3835 | D:4      | Reached skill level 8 in Long Blades
  4180 | D:4      | Reached XP level 8. HP: 31/58 MP: 8/8
  4413 | D:4      | Found Ziph's Antique Weapon Emporium.
  4490 | D:5      | Reached skill level 9 in Long Blades
  4734 | D:5      | Reached skill level 10 in Long Blades
  5580 | D:6      | Reached XP level 9. HP: 51/63 MP: 9/9
  6167 | D:6      | Found a staircase to the Ecumenical Temple.
  6173 | D:6      | Reached skill level 11 in Long Blades
  6446 | D:6      | Found a stormy altar of Qazlal.
  6752 | D:6      | Demolished by an ogre

Illustrated notes

Levels and vault maps discovered:
D:1:      erik_arrival_orb_chamber, layout_basic,
          nicolae_concentric_dashed_squares_mild, grunt_decor_one_mirror,
          st_stairs_9
D:2:      layout_rooms, hellmonk_ecumenical_altar_arch_garden, minivault_23,
          dreamdust_wishing_well, minmay_misc_feat_iff, minmay_door_square,
          uniq_sigmund, uniq_natasha
D:3:      layout_loops_ring, nicolae_hepliaklqana_hazy_memory
D:4:      layout_gridville, mainiacjoe_overflow_catwalk,
          mainiacjoe_overflow_six_doors_small, vehumet_altar_wand_db,
          gup_sewer_entry_spiral, serial_shops, kennysheep_mini_moat,
          grunt_decor_fettered, minmay_ruptured, uniq_blork_the_orc
D:5:      layout_rooms, grunt_temple_overflow_opulence, hangedman_decor_lopped
D:6:      layout_loops_ring, lemuel_tele_altar,
          lemuel_zombie_altar_kikubaaqudgha, fedhas_altar_decomposition,
          minmay_temple_entry_hall, dk_noncrumbling_2, minmay_circle_x

Skill      XL: |  1  2  3  4  5  6  7  8  9 |
---------------+----------------------------+-----
Long Blades    | 3 5 7 8 10 11 | 11.9
Fighting       | |  3.0
Dodging        | |  2.0
Stealth        | |  5.0

Action                   |  1- 3 |  4- 6 |  7- 9 || total
-------------------------+-------+-------+-------++-------
Melee: Falchion          |   108 |   127 |   204 ||   439
       Punch             |     1 |       |     4 ||     5
       Long sword        |       |       |   139 ||   139
Throw: Boomerang         |       |     3 |     9 ||    12
Evoke: Wand              |       |       |    14 ||    14
  Use: Scroll            |       |       |     9 ||     9
       Potion            |       |       |     3 ||     3
 Stab: Sleeping          |     7 |     6 |     6 ||    19
       Distracted        |     3 |     2 |     1 ||     6
Armor: Leather armour    |    47 |    37 |    93 ||   177
Dodge: Dodged            |    72 |    72 |   217 ||   361

Table legend: (Time is in decaauts)
 A = Elapsed time spent in this place.
 B = Non-inter-level travel time spent in this place.
 C = Inter-level travel time spent in this place.
 D = Time resting spent in this place.
 E = Time spent auto-exploring this place.
 F = Levels seen in this place.
 G = Mean time per level.
                   A        B        C        D        E       F      G
               +--------+--------+--------+--------+--------+-----+--------+
         Total |   6740 |   6453 |    287 |   1138 |   3863 |   6 | 1123.3 |
       Dungeon |   6740 |   6453 |    287 |   1138 |   3863 |   6 | 1123.3 |
               +--------+--------+--------+--------+--------+-----+--------+

Top non-repeatable levels by time:
     D:4: 1918 daAuts
     D:3: 1127 daAuts
     D:5: 1029 daAuts
     D:2: 1015 daAuts
     D:1: 889 daAuts
     D:6: 760 daAuts
